Map: 애씨드 플랜트 - 래더

Players

DnS

  • Race: Protoss Protoss
  • Spawn Location: 11:00

TRUE - Winner!

  • Race: Zerg Zerg
  • Spawn Location: 5:00

Event: WCS Valencia 2018

VOD

Have the link to the VOD?

Description

Time

  • Played on: July 12, 2018, 12:48 p.m.
  • Length: 9:15

All games in this series

Show
View Real Time Build Order
Export as new Build Order

DnS Protoss 

Build Orders: 1 Gate Expand, Oracle Opening, Phoenix Opening, Mass Phoenix 

Get SALT Encoding   

  12  0:00  Probe  
  13  0:12  Probe  
  14  0:20  Pylon  
  14  0:24  Probe  
  15  0:34  Probe  
  15  0:42  Gateway, Probe  
  16  0:47  Assimilator  
  17  0:52  Probe  
  18  1:05  Probe  
  19  1:17  Probe  
  20  1:23  Nexus  
  20  1:35  Cybernetics Core  
  20  1:36  Probe  
  21  1:41  Assimilator  
  21  1:48  Probe  
  21  1:52  Pylon  
  22  2:00  Probe  
  23  2:02  Adept  
  23  2:08  Probe  
  26  2:16  Probe  
  26  2:19  Stargate  
  27  2:27  Probe  
  27  2:28  Adept  
  30  2:34  Probe  
  31  2:39  Probe  
  31  2:42  Probe  
  32  2:47  Warp Gate  
  32  2:50  Probe  
  34  2:51  Probe  
  34  2:58  Phoenix  
  35  3:02  Probe  
  35  3:03  Probe  
  39  3:06  Assimilator  
  39  3:08  Assimilator  
  39  3:14  Pylon  
  39  3:15  Probe x2  
  39  3:18  Oracle  
  45  3:27  Probe x2  
  45  3:33  Gateway  
  46  3:38  Probe  
  46  3:39  Probe  
  46  3:40  Pylon  
  48  3:46  Probe  
  48  3:51  Probe  
  48  3:52  Stargate  
  48  3:54  Probe  
  48  3:55  Oracle  
  54  4:04  Probe  
  54  4:05  Zealot  
  54  4:06  Probe  
  58  4:14  Pylon  
  58  4:16  Probe  
  59  4:26  Pylon, Phoenix  
  59  4:33  Phoenix  
  63  4:51  Phoenix  
  63  4:52  Adept x2  
  69  4:59  Shield Battery  
  68  5:09  Probe, Phoenix  
  68  5:13  Adept x2  
  75  5:16  Phoenix  
  77  5:23  Nexus  
  77  5:25  Pylon  
  77  5:29  Pylon  
  77  5:37  Phoenix x2  
  77  5:38  Pylon  
  77  5:43  Shield Battery  
  77  5:44  Pylon  
  77  5:46  Probe x2  
  77  5:47  Pylon  
  83  5:57  Phoenix  
  83  5:58  Robotics Facility  
  83  6:03  Robotics Facility  
  85  6:11  Probe x2  
  87  6:18  Adept x2  
  87  6:23  Probe x2  
  92  6:35  Probe x2  
  92  6:36  Immortal, Twilight Council  
  92  6:39  Forge  
  94  6:46  Immortal  
  92  6:47  Zealot x2  
  92  6:49  Probe  
  87  6:55  Probe  
  91  7:02  Probe  
  91  7:03  Probe  
  91  7:05  Gateway  
  91  7:07  Sentry  
  95  7:08  Sentry  
  95  7:12  Pylon, Probe  
  95  7:14  Probe  
  95  7:15  Protoss Ground Weapons Level 1, Probe  
  100  7:17  Immortal  
  100  7:24  Probe  
  100  7:26  Probe  
  100  7:29  Probe  
  106  7:32  Immortal  
  106  7:36  Probe  
  107  7:38  Probe  
  107  7:41  Zealot x2, Probe  
  117  7:47  Phoenix  
  117  7:48  Probe, Phoenix  
  120  7:59  Probe x2  
  120  8:00  Probe  
  123  8:07  Phoenix  
  123  8:09  Pylon  
  123  8:10  Assimilator  
  123  8:13  Assimilator  
  123  8:18  Immortal  
  125  8:26  Pylon, Phoenix  
  131  8:28  Pylon  
  131  8:32  Phoenix  
  127  8:36  Zealot x2  
  127  8:39  Zealot  
  122  9:01  Zealot x2  
  122  9:02  Zealot  
Show
View Real Time Build Order
Export as new Build Order

TRUE Zerg - Winner!

Build Orders: Hatch First 

Get SALT Encoding   

  12  0:01  Drone  
  13  0:13  Overlord  
  13  0:16  Drone  
  14  0:32  Drone x2  
  16  0:36  Drone  
  17  0:52  Hatchery  
  17  0:55  Drone  
  17  1:10  Spawning Pool  
  16  1:11  Extractor  
  16  1:12  Drone  
  16  1:15  Drone  
  17  1:20  Drone  
  18  1:29  Drone  
  19  1:39  Overlord  
  19  1:57  Zergling x2, Queen  
  22  2:03  Queen, Drone  
  22  2:04  Drone  
  26  2:12  Metabolic Boost, Drone  
  26  2:15  Drone  
  28  2:22  Drone  
  29  2:26  Drone  
  30  2:38  Hatchery  
  30  2:44  Queen  
  29  2:46  Drone  
  29  2:49  Drone  
  33  2:53  Overlord  
  33  2:56  Drone  
  33  2:58  Drone  
  35  3:05  Drone  
  35  3:11  Queen  
  35  3:12  Drone x2  
  40  3:15  Overlord  
  40  3:20  Drone  
  40  3:22  Queen  
  43  3:28  Drone  
  43  3:32  Overlord  
  44  3:35  Drone x2  
  44  3:36  Drone  
  44  3:37  Drone  
  48  3:41  Overlord  
  48  3:47  Overlord, Evolution Chamber  
  47  3:50  Queen  
  49  3:56  Queen  
  49  4:00  Queen  
  53  4:11  Drone x2  
  53  4:12  Drone  
  53  4:13  Zerg Melee Weapons Level 1  
  53  4:14  Zergling x6  
  53  4:16  Zergling x2  
  60  4:17  Zergling x2  
  60  4:19  Zergling x4  
  60  4:21  Zergling x2  
  64  4:26  Queen  
  64  4:29  Drone x2  
  64  4:30  Drone  
  69  4:31  Drone  
  69  4:35  Spore Crawler  
  68  4:40  Drone x3  
  68  4:41  Drone x2  
  74  4:48  Overlord  
  74  4:51  Overlord  
  74  4:54  Overlord  
  74  5:01  Extractor, Baneling Nest  
  72  5:10  Drone x8  
  72  5:11  Drone  
  81  5:14  Overlord  
  81  5:16  Zergling x8  
  81  5:18  Zergling x8  
  89  5:22  Zergling x2  
  89  5:24  Zergling x2  
  89  5:27  Zergling x2  
  92  5:29  Lair  
  92  5:30  Queen  
  92  5:34  Zergling x2  
  92  5:35  Queen  
  97  5:37  Overlord  
  97  5:38  Zergling x2  
  97  5:41  Zergling x4  
  97  5:42  Zergling x2  
  101  5:43  Zergling x2  
  101  5:45  Zergling x4  
  101  5:46  Baneling  
  101  5:47  Baneling x2  
  103  5:50  Baneling x2  
  103  5:52  Zergling x4  
  103  5:56  Zergling x6  
  108  6:03  Zergling x4  
  108  6:04  Zergling x2  
  111  6:05  Zergling x2  
  111  6:07  Baneling x3  
  111  6:09  Zergling x2  
  113  6:12  Overlord, Baneling  
  113  6:13  Spore Crawler  
  113  6:15  Queen  
  113  6:17  Zergling x2, Spore Crawler  
  111  6:31  Spore Crawler  
  107  6:33  Extractor  
  107  6:34  Drone x9  
  107  6:35  Drone x2  
  107  6:36  Extractor  
  113  6:42  Drone x3  
  113  6:43  Drone  
  113  6:44  Drone  
  113  6:45  Drone x2  
  112  6:48  Drone x2  
  112  6:52  Queen  
  112  6:53  Spire, Queen x2  
  112  7:00  Extractor  
  110  7:01  Extractor  
  110  7:02  Zergling x12  
  110  7:03  Zergling x2  
  110  7:06  Zergling x2  
  110  7:08  Zergling x2  
  118  7:09  Zergling x4  
  118  7:12  Zergling x2  
  118  7:13  Zergling x2  
  118  7:15  Overlord  
  122  7:19  Overlord  
  122  7:21  Overlord  
  122  7:26  Drone, Nydus Network  
  122  7:28  Overlord  
  122  7:33  Overlord  
  122  7:34  Zergling x2  
  122  7:36  Zergling x6  
  122  7:37  Zergling x2  
  126  7:39  Hatchery  
  126  7:41  Zergling x6  
  126  7:42  Zergling x6  
  126  7:43  Zergling x2  
  126  7:44  Zergling x2  
  131  7:48  Zergling x2  
  131  7:51  Zergling x2  
  119  7:54  Zergling x2  
  112  7:59  Zergling x2  
  112  8:03  Zergling x2, Nydus Canal  
  112  8:04  Zergling x2  
  115  8:09  Zergling x12  
  115  8:10  Zergling x2  
  115  8:11  Baneling  
  115  8:12  Baneling x11  
  122  8:13  Baneling x2  
  122  8:14  Baneling  
  122  8:15  Baneling x2  
  122  8:17  Baneling x2  
  122  8:18  Zergling x2  
  123  8:21  Baneling x3  
  123  8:26  Zergling x6  
  126  8:27  Zergling x2  
  126  8:29  Zergling x2  
  126  8:30  Zergling x2  
  126  8:31  Zergling x2  
  126  8:33  Zergling x2  
  126  8:36  Zergling x2  
  126  8:38  Zergling x2  
  126  8:39  Zergling x2  
  126  8:40  Zergling x2  
  130  8:43  Zergling x4  
  130  8:45  Zergling x4  
  130  8:48  Zergling x2  
  123  8:50  Zergling x2  
  115  8:57  Zergling x2  
  115  8:58  Zergling x4  
Tags
 
Add a new tag
Caveats
  • Supply blocks, unpowered buildings, or Contaminate may cause inaccurate times.
  • Supply counts are checked every 10 seconds.